 Dungeon Crawl Stone Soup version 0.20-a0-9-g62d82d9 (webtiles) character file.

239 JeffiDaFish the Covered (level 6, -1/38 HPs)
             Began as a Gargoyle Fighter on Nov 1, 2016.
             Killed from afar by an orc wizard (3 damage)
             ... with a magic dart
             ... on level 3 of the Dungeon on Nov 2, 2016.
             The game lasted 00:06:55 (2113 turns).

JeffiDaFish the Covered (Gargoyle Fighter)          Turns: 2113, Time: 00:06:56

Health: -1/38      AC: 11    Str: 22    XL:     6   Next: 7%
Magic:  6/6        EV:  8    Int:  4    God:
Gold:   260        SH:  9    Dex:  9    Spells: 0 memorised, 5 levels left

rFire  . . .     SeeInvis .     a - +1 rapier
rCold  . . .     Gourm    .     b - +0 scale mail
rNeg   + . .     Faith    .     c - +0 shield
rPois  ∞         Spirit   .     (no helmet)
rElec  +         Reflect  .     (no cloak)
rCorr  .         Harm     .     (no gloves)
MR     .....                    (no boots)
Stlth  ..........               m - amulet of inaccuracy (curse)
                                (no ring)
                                j - -4 ring of intelligence (curse)

@: no status effects
A: negative energy resistance 1, electricity resistance, unbreathing,
petrification resistance, rot immunity, AC +4
a: no special abilities


You were on level 3 of the Dungeon.
You were not hungry.

You visited 1 branch of the dungeon, and saw 3 of its levels.

You collected 260 gold pieces.

Inventory:

Hand Weapons
 a - a +1 rapier (weapon)
Armour
 b - a +0 scale mail (worn)
 c - a +0 shield (worn)
Jewellery
 d - an uncursed amulet of magic regeneration
 j - a cursed -4 ring of intelligence (left hand)
 m - a cursed amulet of inaccuracy (around neck)
Scrolls
 e - 2 scrolls of fear
 h - a scroll of recharging
 l - a scroll of identify
Books
 k - a book of Cantrips

   Spells                             Type                      Level
   a - Confusing Touch                Hexes                        1
   b - Animate Skeleton               Necromancy                   1
   c - Summon Small Mammal            Summoning                    1
   d - Apportation                    Translocation                1
Comestibles
 f - a bread ration
 g - 2 fruits
 i - a chunk of flesh


   Skills:
 + Level 3.9 Fighting
 + Level 3.9 Short Blades
 + Level 4.3 Armour
 + Level 0.7 Dodging
 + Level 0.5 Stealth
 + Level 4.1 Shields


You had 5 spell levels left.
You didn't know any spells.

Dungeon Overview and Level Annotations

Branches:
Dungeon (3/15)

Altars:


Innate Abilities, Weirdness & Mutations

You are resistant to torment.
Your stone body is resilient. (AC +4)
You are immune to poison.
You resist negative energy. (rN+)
You are resistant to electric shocks. (rElec)
You can survive without breathing.
You are immune to petrification.
You are immune to rotting.


Message History

Items here: )) [ † a club; a leather armour; a club; an orc corpse You barely miss the orc wizard.
The orc wizard is almost dead.
You block the orc wizard's attack. The orc closely misses you.
The orc hits you but does no damage.
You miss the orc wizard.
The orc wizard is almost dead.
The orc wizard casts a spell at you. The magic dart hits you!
* * * LOW HITPOINT WARNING * * *
You block the orc's attack. The orc hits you but does no damage.
The orc wizard mumbles some strange words.
The orc wizard blinks!
You puncture the orc!
You kill the orc!
The orc hits you but does no damage.
The orc wizard gestures at you while chanting.
The magic dart hits you!
You die...

.>#...........#
.##...........#
#.......###..
#.........#..
############.........#..
............o........#..
.....................#..
.......§.###...###...#..
.......@.# #...# #...###
......)[o# #...# #...#
.........# #...# #...#
.........# #...# ..#
########## #...# #...#
#...#


You could see an orc wizard and an orc.

Vanquished Creatures
  The ghost of Tinderbox the Charmwright, an amateur MfSk (D:3)
  Crazy Yiuf (D:3)
  An orc wizard (D:3)
  3 adders (D:2)
  An ooze (D:3)
  2 worms (D:2)
  2 dart slugs
  2 leopard geckos (D:2)
  5 orcs (D:3)
  4 bats
  A giant cockroach (D:3)
  8 goblins
  11 hobgoblins
  4 jackals (D:2)
  A quokka (D:2)
  5 frilled lizards
  4 kobolds
  5 rats
61 creatures vanquished.

Notes
Turn   | Place    | Note
-------+----------+-------------------------------------------
     0 | D:1      | JeffiDaFish the Gargoyle Fighter began the quest for the Orb.
     0 | D:1      | Reached XP level 1. HP: 14/14 MP: 1/1
   237 | D:1      | Reached XP level 2. HP: 19/19 MP: 2/2
   666 | D:2      | Reached XP level 3. HP: 16/23 MP: 3/3
  1334 | D:2      | Reached XP level 4. HP: 29/29 MP: 4/4
  1921 | D:3      | Noticed Tinderbox's ghost (amateur MfSk)
  1937 | D:3      | Killed Tinderbox's ghost
  1937 | D:3      | Reached XP level 5. HP: 29/33 MP: 5/5
  2021 | D:3      | Found a runed door.
  2025 | D:3      | Noticed Crazy Yiuf
  2034 | D:3      | Killed Crazy Yiuf
  2096 | D:3      | Reached XP level 6. HP: 32/38 MP: 6/6
  2113 | D:3      | Killed from afar by an orc wizard

Vault maps used:
D:1:      dpeg_arrival_orchard, serial_bayou_pond_e
D:2:      cheibrodos_greedy_goblins
D:3:      nicolae_overflow_hidden_temple, first_bread, uniq_grinder,
          uniq_crazy_yiuf_cottage

Skill      XL: |  1  2  3  4 |
---------------+-------------+-----
Short Blades   | 2 3 |  3.9
Armour         | 4 |  4.3
Shields        | 4 |  4.1
Fighting       | |  3.9
Dodging        | |  0.7
Stealth        | |  0.5

Action                   |  1- 3 |  4- 6 || total
-------------------------+-------+-------++-------
Melee: Rapier            |    93 |   106 ||   199
  Use: Scroll            |     7 |       ||     7
       Potion            |     6 |     1 ||     7
  Eat: Chunk             |     1 |     3 ||     4
Armor: Scale mail        |    66 |    62 ||   128
Dodge: Dodged            |    30 |    37 ||    67
Block: Shield            |    46 |    59 ||   105
